 Dungeon Crawl Stone Soup version 0.26-a0-597-gb535b0901c (webtiles) character file.

Game seed: 8026507350010099523

316 Lanoc the Conjurer (level 6, 0/32 HPs)
             Began as a Deep Elf Conjurer on Aug 26, 2020.
             Shot with an arrow by a centaur (10 damage)
             ... on level 5 of the Dungeon.
             The game lasted 00:03:10 (2894 turns).

Lanoc the Conjurer (Deep Elf Conjurer)              Turns: 2894, Time: 00:03:11

Health: 0/32       AC:  2    Str:  4    XL:     6   Next: 20%
Magic:  7/12       EV: 14    Int: 31    God:
Gold:   161        SH:  0    Dex: 13    Spells: 8/11 levels left

rFire    . . .     SeeInvis .   (no weapon)
rCold    . . .     Faith    .   (no shield)
rNeg     . . .     Spirit   .   a - +0 robe
rPois    .         Reflect  .   (no helmet)
rElec    .         Harm     .   (no cloak)
rCorr    .                      (no gloves)
MR       .....                  (no boots)
Stlth    ++........             (no amulet)
HPRegen  0.10/turn              h - +6 ring of intelligence
MPRegen  0.13/turn              (no ring)

@: no status effects
A: no striking features
a: no special abilities


You were on level 5 of the Dungeon.
You visited 1 branch of the dungeon, and saw 5 of its levels.

You collected 161 gold pieces.

Inventory:

Armour
 a - a +0 robe (worn)
Jewellery
 h - a +6 ring of intelligence (left hand)
Scrolls
 b - 2 scrolls of enchant weapon {unknown}
 d - 5 scrolls of identify {unknown}
 e - a scroll of random uselessness {unknown}
 g - a scroll of amnesia {unknown}
 k - a scroll of teleportation {unknown}
 l - a scroll of noise {unknown}
 m - a scroll of magic mapping {unknown}
Potions
 c - 2 potions of curing {unknown}
 f - a potion of berserk rage {unknown}
 i - a potion of heal wounds {unknown}
 j - a potion of haste {unknown}
 n - a potion of might {unknown}


   Skills:
 + Level 4.9 Dodging
 - Level 2.4 Stealth
 - Level 3.0 Spellcasting
 * Level 7.2 Conjurations


You had 8 spell levels left.
You knew the following spells:

 Your Spells              Type           Power        Failure   Level
a - Magic Dart            Conj           ####         1%          1
b - Searing Ray           Conj           #####.       1%          2

Your spell library contained the following spells:

 Spells                   Type           Power        Failure   Level
 Dazzling Flash           Conj/Hex       ####..       4%          3
 Corona                   Hex            #......      7%          1
 Ensorcelled Hibernation  Hex/Ice        #.....       10%         2
 Fulminant Prism          Conj/Hex       ####......   16%         4
 Iskenderun's Mystic Bla  Conj/Tloc      ####....     16%         4
 Confusing Touch          Hex            #.......     21%         3
 Tukima's Dance           Hex            #.......     21%         3


Dungeon Overview and Level Annotations

Branches:
Dungeon (5/15)
 Temple: D:4-7

Altars:

Annotations:
D:4 2 transporters, Gorglomux's ghost, novice SpBr


Message History

The magic dart hits the centaur.
The centaur is severely wounded.
The centaur shoots an arrow.
The arrow hits you.
Casting: Magic Dart (safe; 1% risk of failure)
Confirm with . or Enter, or press ? or * to list all spells.
Aiming: Magic Dart (safe; 1% risk of failure)
Press: ? - help, Shift-Dir - straight line, f/p - centaur
Aim: a centaur, wielding a +0 shortbow and quivering 18 arrows (severely wounded)
The magic dart hits the centaur.
The centaur is severely wounded.
The centaur shoots an arrow.
The arrow barely misses you.
Casting: Magic Dart (safe; 1% risk of failure)
Confirm with . or Enter, or press ? or * to list all spells.
Aiming: Magic Dart (safe; 1% risk of failure)
Press: ? - help, Shift-Dir - straight line, f/p - centaur
Aim: a centaur, wielding a +0 shortbow and quivering 17 arrows (severely wounded)
The magic dart hits the centaur.
The centaur is almost dead.
The centaur shoots an arrow.
The arrow hits you!
You die...

. ... ### ###....
######.##########....c.$
.<........(...†(@......(
............#####.......
.........#### .......
########## .......
....... ....... .......
.......


You could see a centaur.

Vanquished Creatures
  A phantom (D:4)
  A scorpion (D:4)
  An orc priest (D:3)
  An iguana (D:4)
  An orc wizard (D:3)
  A worker ant (D:5)
  An adder (D:4)
  2 oozes (D:4)
  2 dart slugs (D:1)
  4 leopard geckos
  8 orcs (D:3)
  3 giant cockroaches
  3 goblins
  2 hobgoblins
  2 jackals (D:1)
  A quokka (D:4)
  A ball python (D:3)
  3 bats
  2 frilled lizards
  3 kobolds
  4 rats
47 creatures vanquished.

Vanquished Creatures (others)
  A plant (D:3)
1 creature vanquished.

Grand Total: 48 creatures vanquished

Notes
Turn   | Place    | Note
-------+----------+-------------------------------------------
     0 | D:1      | Lanoc the Deep Elf Conjurer began the quest for the Orb.
     0 | D:1      | Reached XP level 1. HP: 10/10 MP: 6/6
   226 | D:1      | Reached XP level 2. HP: 15/15 MP: 5/8
   367 | D:1      | Learned a level 2 spell: Searing Ray
   456 | D:2      | Reached skill level 5 in Conjurations
   752 | D:3      | Reached XP level 3. HP: 19/19 MP: 4/9
  1058 | D:3      | Reached XP level 4. HP: 24/24 MP: 8/10
  1803 | D:3      | Reached skill level 6 in Conjurations
  2059 | D:4      | Found a transporter.
  2062 | D:4      | Noticed Gorglomux's ghost (novice SpBr)
  2062 | D:4      | Noticed a yak
  2199 | D:4      | Reached XP level 5. HP: 28/28 MP: 8/11
  2236 | D:4      | Found a transporter.
  2595 | D:4      | Noticed a phantom
  2602 | D:4      | Killed a phantom
  2602 | D:4      | Reached skill level 7 in Conjurations
  2602 | D:4      | Reached XP level 6. HP: 32/32 MP: 4/12
  2836 | D:5      | Entered Level 5 of the Dungeon
  2894 | D:5      | Shot with an arrow by a centaur

Illustrated notes

Levels and vault maps discovered:
D:1:      onia_arrival_pyramid, layout_loops_corners
D:2:      layout_basic
D:3:      wad_lake_hut, layout_basic
D:4:      layout_basic, gammafunk_ghost_arena, serial_glass, glass_columns_a,
          glass_columns_a, glass_columns_b, glass_columns_c, glass_columns_c,
          glass_columns_b
D:5:      layout_layer_cave, lemuel_flamethrower_2, uniq_duvessa

Skill      XL: |  1  2  3  4  5 |
---------------+----------------+-----
Dodging        | 3 4 |  4.9
Conjurations   | 5 6 7 |  7.2
Stealth        | |  2.4
Spellcasting   | |  3.0

Action                   |  1- 3 |  4- 6 || total
-------------------------+-------+-------++-------
 Cast: Magic Dart        |    49 |    38 ||    87
       Searing Ray       |     1 |     8 ||     9
Dodge: Dodged            |     1 |     2 ||     3

Table legend: (Time is in decaauts)
 A = Elapsed time spent in this place.
 B = Non-inter-level travel time spent in this place.
 C = Inter-level travel time spent in this place.
 D = Time resting spent in this place.
 E = Time spent auto-exploring this place.
 F = Levels seen in this place.
 G = Mean time per level.
                   A        B        C        D        E       F      G
               +--------+--------+--------+--------+--------+-----+--------+
         Total |   2936 |   2839 |     97 |      0 |   2632 |   5 |  587.2 |
       Dungeon |   2936 |   2839 |     97 |      0 |   2632 |   5 |  587.2 |
               +--------+--------+--------+--------+--------+-----+--------+

Top non-repeatable levels by time:
     D:3: 1459 daAuts
     D:4: 798 daAuts
     D:1: 425 daAuts
     D:2: 195 daAuts
     D:5: 57 daAuts
